 Dungeon Crawl Stone Soup version 0.30.0-29-ga12c61a403 (webtiles) character file.

Game seed: 5634308181528554199

13890 Baz the Arsonist (level 11, -3/80 HPs)
             Began as a Demonspawn Fire Elementalist on June 22, 2023.
             Was a Priest of Sif Muna.
             Slain by Harold
             ... wielding a +0 glaive
              (12 damage)
             ... on level 1 of the Lair of Beasts.
             The game lasted 00:48:06 (11439 turns).

Baz the Arsonist (Demonspawn Fire Elementalist)    Turns: 11439, Time: 00:48:09

Health: -3/80      AC: 18    Str:  8    XL:     11   Next: 81%
Magic:  7/23       EV: 13    Int: 21    God:    Sif Muna [***...]
Gold:   1146       SH:  4    Dex: 14    Spells: 12/26 levels left

rFire   + + .        A - +2 dagger (protect)
rCold   + . .        o - orb {light}
rNeg    . . .        Q - +2 robe {rC+ rF+}
rPois   .            f - +0 helmet
rElec   .            K - +1 cloak
rCorr   .            D - +0 pair of gloves
SInv    .            (no boots)
Will    .....        n - amulet of magic regeneration
Stlth   +            h - ring of protection from fire
HPRegen 0.33/turn    (no ring)
MPRegen 0.58/turn

%: no passive effects
@: mighty, sanguine armoured, very slightly contaminated, glowing, studying Fire
Magic
A: hooves 2, icemail 1, powered by pain 1, sanguine armour 1, condensation
shield
a: Renounce Religion, Channel Magic, Forget Spell


You were on level 1 of the Lair of Beasts.
You worshipped Sif Muna.
Sif Muna was most pleased with you.
You visited 2 branches of the dungeon, and saw 9 of its levels.
You also visited: Ice Cave.

You collected 1146 gold pieces.

Inventory:

Hand Weapons
 A - a +2 dagger of protection (weapon)
Missiles
 F - a throwing net
Armour
 f - a +0 helmet (worn)
 o - an orb of light (worn)
 p - a +3 leather armour of positive energy
 x - a +0 buckler
 D - a +0 pair of gloves (worn)
 K - a +1 cloak (worn)
 Q - a +2 robe of resistance (worn)
Magical Staves
 u - a staff of cold
Jewellery
 a - a ring of resist corrosion
 c - an amulet of guardian spirit
 h - a ring of protection from fire (left hand)
 n - an amulet of magic regeneration (around neck)
 J - a +4 ring of protection
 O - a ring of ice
 P - a ring of ice
Wands
 b - a wand of paralysis (5)
 t - a wand of roots (12)
 M - a wand of digging (5)
 N - a wand of flame (15)
Scrolls
 d - 6 scrolls of amnesia
 g - a scroll of brand weapon
 i - a scroll of immolation
 l - a scroll of fog
 m - a scroll of teleportation
 q - 2 scrolls of vulnerability
 r - a scroll of fear
 y - 2 scrolls of noise {unknown}
 C - a scroll of torment
 E - a scroll of magic mapping
 H - 2 scrolls of enchant armour {unknown}
Potions
 e - a potion of heal wounds
 j - a potion of cancellation {unknown}
 k - 2 potions of lignification
 s - a potion of attraction
 v - a potion of curing
 w - 2 potions of haste
 z - 2 potions of invisibility
 B - 2 potions of flight
 G - a potion of might
 I - a potion of brilliance
 L - 2 potions of berserk rage {unknown}


   Skills:
 - Level 5.2 Fighting
 + Level 4.1 Dodging
 - Level 1.7 Stealth
 - Level 4.0 Shields
 + Level 8.3 Spellcasting
 - Level 8.1 Conjurations
 * Level 14.0 Fire Magic
 + Level 2.9 Air Magic


You had 12 spell levels left.
You knew the following spells:

 Your Spells              Type           Power      Damage    Failure   Level
a - Foxfire               Conj/Fire      100%       2x1d9     1%          1
b - Scorch                Fire           100%       2d9       1%          2
c - Volatile Blastmotes   Fire/Tloc      76%        2d16      1%          3
d - Flame Wave            Conj/Fire      53%        2d13      1%          4
e - Summon Lightning Spi  Summ/Air       14%        N/A       38%         4

Your spell library contained the following spells:

 Spells                   Type           Power      Damage    Failure   Level
 Inner Flame              Hex/Fire       38%        N/A       1%          3
 Summon Small Mammal      Summ           32%        N/A       8%          1
 Call Canine Familiar     Summ           8%         N/A       24%         3
 Gell's Gravitas          Tloc           8%         N/A       24%         3
 Summon Guardian Golem    Hex/Summ       8%         N/A       24%         3
 Teleport Other           Tloc           8%         N/A       24%         3
 Tukima's Dance           Hex            8%         N/A       24%         3
 Passage of Golubria      Tloc           8%         N/A       61%         4
 Silence                  Hex/Air        7%         N/A       75%         5
 Yara's Violent Unravell  Hex/Tmut       4%         3d4       91%         5
 Dispersal                Tloc           4%         N/A       100%        6
 Storm Form               Tmut/Air       7%         N/A       100%        7
 Lehudib's Crystal Spear  Conj/Erth      12%        10d4      100%        8
 Maxwell's Capacitive Co  Air            10%        ∞         100%        8


Dungeon Overview and Level Annotations

Branches:
Dungeon (8/15)             Temple (0/1) D:4            Lair (1/5) D:8
  IceCv (visited)

Altars:
Ashenzari
Dithmenos
Fedhas
Qazlal
Ru
Sif Muna
Yredelemnul

Shops:
D:3 *   D:4 (

Annotations:
D:5 2 runed translucent doors, ChadusMaximus's ghost, novice FoFi; Crazy Yiuf
Lair:1 Harold


Innate Abilities, Weirdness & Mutations

You have hoof-like feet.
A meltable icy envelope protects you from harm. (AC +4)
You sometimes gain a little power by taking damage.
When seriously injured, your blood forms armour. (AC +6)
A meltable shield of frost defends you. (SH +4)


Message History

The polar bear bites you but does no damage.
The polar bear misses you. The polar bear barely misses you.
You feel much better.
Harold hits you from afar with a +0 glaive!
* * * LOW HITPOINT WARNING * * *
You focus on the pain.
You feel very mighty all of a sudden. The polar bear barely misses you.
The polar bear closely misses you. The polar bear misses you.
Casting: Flame Wave (mildly dangerous; 1% risk of failure)
Confirm with . or Enter, or press ? or * to list all spells.
Casting: Flame Wave (mildly dangerous; 1% risk of failure)
Press: ? - help, Dir - look around, f - activate A wave of flame ripples out!
The flame wave engulfs the polar bear.
The polar bear is severely wounded. (Press . to intensify the flame waves.) Harold hits you but does no damage.
You block the polar bear's attack. x3
A wave of flame ripples out!
The flame wave engulfs the polar bear.
The polar bear is almost dead.
The flame wave engulfs Harold!
Harold is severely wounded.
Harold closely misses you. The polar bear bites you.
* * * LOW HITPOINT WARNING * * *
The polar bear closely misses you. The polar bear barely misses you.
A wave of flame ripples out!
The flame wave engulfs the polar bear!
You kill the polar bear!
Sif Muna accepts your kill.
The flame wave engulfs Harold!
Harold is almost dead.
You finish channelling waves of flame.
Harold asks, "Do you mind if I name my boat the 'Baz'?
Your head will be paying for it, after all."
Harold hits you but does no damage.
Casting: Flame Wave (mildly dangerous; 1% risk of failure)
Confirm with . or Enter, or press ? or * to list all spells.
You miscast Summon Lightning Spire.
You are very lightly contaminated with residual magic.
You are caught in an explosion of electrical discharges!
* * * LOW HITPOINT WARNING * * *
Harold hits you from afar with a +0 glaive!
You die...

#....#,....,,,*,,****,***#.....##
#....#........#...#,,,,,*#......*
#....#........#...#..../##.....#*
#................##.....##.....#*
.....#........#..##.....*#.....+,
#.............#...#....,*#.....#*
#....#..####.##..###.##**#.....#
...............?.##...####.....##
...............†@[...............
................†................
..............@.........[........
.................................
#....####..P#..$.................
.#...#,.......P...##+###.#....#..
.#...#........#..##*,* ###....###
,#...*........#..# *,*** #.....##
,,,,,+,.......#..# *,,,* #....##P


You could see Harold.

Vanquished Creatures
  3 death yaks (IceCv)
  A manticore (D:8)
  Maurice (D:8)
  An ice statue (IceCv)
  A cane toad (Lair:1)
  An unseen horror zombie (D:8)
  7 rime drakes (IceCv)
  A komodo dragon (Lair:1)
  5 polar bears
  A troll (D:6)
  A hornet (D:7)
  Sigmund (D:4)
  3 yaks (IceCv)
  5 water moccasins
  4 black bears
  An orc warrior (D:8)
  2 sky beasts
  2 ice beasts (D:8)
  2 ogres
  14 wolves (IceCv)
  A centaur (D:7)
  A phantom (D:5)
  Blork the orc (D:4)
  8 bullfrogs
  2 wyvern zombies (D:8)
  8 scorpions
  13 wights (D:8)
  7 killer bees
  2 howler monkeys
  3 centaur zombies (D:8)
  5 hounds
  10 orc priests
  2 gnoll boudas
  4 jellies
  2 sleepcaps (D:6)
  Ijyb (D:3)
  4 iguanas
  7 orc wizards
  A polar bear simulacrum (Lair:1)
  A wolf simulacrum (Lair:1)
  2 howler monkey zombies (D:8)
  Robin (D:4)
  13 gnolls
  7 adders
  A shadow imp (D:7)
  3 white imps (D:6)
  An ufetubus (D:6)
  2 worms
  3 dart slugs
  32 orcs
  A bat zombie (D:2)
  6 endoplasms
  A giant cockroach (D:1)
  19 goblins
  14 hobgoblins
  2 jackals (D:4)
  14 kobolds
  4 quokkas
  8 ball pythons
  2 ball python zombies (D:2)
  8 bats
  7 frilled lizards
  A giant cockroach zombie (D:2)
  7 rats
299 creatures vanquished.

Vanquished Creatures (collateral kills)
  7 foxfires
7 creatures vanquished.

Vanquished Creatures (others)
  1201 foxfires
1201 creatures vanquished.

Grand Total: 1507 creatures vanquished

Notes
Turn   | Place    | Note
-------+----------+-------------------------------------------
     0 | D:1      | Baz the Demonspawn Fire Elementalist began the quest for
                  | the Orb.
     0 | D:1      | Reached XP level 1. HP: 13/13 MP: 3/3
   338 | D:1      | Gained mutation: A meltable shield of frost defends you.
                  | (SH +4) [demonic ancestry]
   338 | D:1      | Reached XP level 2. HP: 17/20 MP: 3/5
   342 | D:1      | Reached skill level 3 in Fire Magic
   715 | D:1      | Reached skill level 1 in Fighting
   715 | D:1      | Reached XP level 3. HP: 26/26 MP: 2/6
  1140 | D:1      | Learned a level 2 spell: Scorch
  1615 | D:2      | Found a broken altar of Ashenzari.
  1895 | D:2      | Found a faded altar of an unknown god.
  2477 | D:3      | Noticed Ijyb
  2483 | D:3      | Paralysed by Ijyb for 3 turns
  2497 | D:3      | Killed Ijyb
  2498 | D:3      | Gained mutation: You have large cloven feet. [demonic
                  | ancestry]
  2498 | D:3      | Reached XP level 4. HP: 21/32 MP: 0/7
  2583 | D:3      | Learned a level 3 spell: Volatile Blastmotes
  2703 | D:3      | Found Soefywim's Assorted Antiques.
  2877 | D:3      | Reached skill level 4 in Fire Magic
  2877 | D:3      | Gained mutation: You have hoof-like feet. [demonic
                  | ancestry]
  2877 | D:3      | Reached XP level 5. HP: 38/38 MP: 1/9
  3138 | D:3      | Found a blossoming altar of Fedhas.
  3142 | D:3      | Found a stormy altar of Qazlal.
  3850 | D:3      | Reached XP level 6. HP: 35/44 MP: 5/10
  3924 | D:4      | Noticed Robin
  3964 | D:4      | Killed Robin
  4069 | D:4      | Found Pyech's Antique Weapon Emporium.
  4176 | D:4      | Noticed Blork the orc
  4200 | D:4      | Killed Blork the orc
  4500 | D:4      | Noticed Sigmund
  4514 | D:5      | Entered Level 5 of the Dungeon
  4522 | D:5      | Reached skill level 5 in Fire Magic
  4522 | D:5      | Gained mutation: You sometimes gain a little power by
                  | taking damage. [demonic ancestry]
  4522 | D:5      | Reached XP level 7. HP: 51/51 MP: 7/12
  4567 | D:5      | Found a runed translucent door.
  4583 | D:5      | Noticed ChadusMaximus's ghost (novice FoFi)
  4820 | D:5      | Learned a level 4 spell: Flame Wave
  5205 | D:5      | Found a shadowy altar of Dithmenos.
  5208 | D:5      | Found a shimmering blue altar of Sif Muna.
  5210 | D:5      | Found a sacrificial altar of Ru.
  5228 | D:5      | Became a worshipper of Sif Muna the Loreminder
  5322 | D:5      | Reached skill level 6 in Fire Magic
  5325 | D:5      | Gained mutation: A meltable icy envelope protects you from
                  | harm. (AC +4) [demonic ancestry]
  5325 | D:5      | Reached XP level 8. HP: 60/60 MP: 9/14
  5412 | D:5      | Found a runed translucent door.
  5413 | D:5      | Noticed Crazy Yiuf
  5813 | D:4      | Killed Sigmund
  6078 | D:4      | Found a staircase to the Ecumenical Temple.
  6119 | D:6      | Reached skill level 5 in Conjurations
  6119 | D:6      | Reached skill level 7 in Fire Magic
  6120 | D:6      | Reached * piety under Sif Muna
  6121 | D:6      | Reached skill level 5 in Spellcasting
  6254 | D:6      | Reached skill level 5 in Fighting
  6254 | D:6      | Reached XP level 9. HP: 64/68 MP: 6/16
  6430 | D:6      | Noticed a troll
  6440 | D:6      | Killed a troll
  6706 | D:6      | Reached skill level 1 in Shields
  6706 | D:6      | Reached skill level 8 in Fire Magic
  7794 | D:7      | Paralysed by a hornet for 2 turns
  8329 | D:8      | Reached skill level 9 in Fire Magic
  8337 | D:8      | Reached ** piety under Sif Muna
  8346 | D:8      | Gained mutation: When seriously injured, your blood forms
                  | armour. (AC +6) [demonic ancestry]
  8346 | D:8      | Reached XP level 10. HP: 48/74 MP: 1/19
  8478 | D:8      | Found a staircase to the Lair.
  8705 | D:8      | Noticed a manticore
  8719 | D:8      | Killed a manticore
  8720 | D:8      | Reached skill level 10 in Fire Magic
  9039 | D:8      | Found a basalt altar of Yredelemnul.
  9048 | D:8      | Noticed Maurice
  9068 | D:8      | Killed Maurice
  9078 | D:8      | Reached skill level 11 in Fire Magic
  9646 | Lair:1   | Entered Level 1 of the Lair of Beasts
  9714 | Lair:1   | Found a frozen archway.
  9800 | IceCv    | Entered an ice cave
  9808 | IceCv    | Reached skill level 12 in Fire Magic
  9818 | IceCv    | Reached XP level 11. HP: 59/80 MP: 11/22
  9929 | IceCv    | Noticed a death yak
  9940 | IceCv    | Killed a death yak
  9949 | IceCv    | Reached *** piety under Sif Muna
 10076 | IceCv    | Learned a level 4 spell: Summon Lightning Spire
 10102 | IceCv    | Noticed a death yak
 10121 | IceCv    | Killed a death yak
 10520 | IceCv    | Reached skill level 1 in Air Magic
 10596 | IceCv    | Reached skill level 13 in Fire Magic
 10875 | IceCv    | Noticed a death yak
 10898 | IceCv    | Killed a death yak
 11161 | IceCv    | Noticed a death yak
 11161 | IceCv    | Noticed a frost giant
 11416 | Lair:1   | Noticed Harold
 11426 | Lair:1   | HP: 2/80 [Harold/+0 glaive (6)]
 11430 | Lair:1   | Reached skill level 14 in Fire Magic
 11439 | Lair:1   | Slain by Harold

Illustrated notes

Levels and vault maps discovered:
D:1:      minmay_arrival_shoal_huts, layout_basic, minmay_cupped
D:2:      layout_loops_ring, serial_undead, serial_undead_c, serial_undead_d,
          serial_undead_e, serial_undead_a, serial_undead_a, serial_undead_d,
          basic_altar, shapermc_ecumenical_altar_ellora, lexackson_kobold_supper
D:3:      layout_basic, grunt_temple_overflow_forces_of_nature, serial_shops,
          shop, kennysheep_path_1, uniq_ijyb
D:4:      layout_basic, minmay_temple_entry_antechambers, serial_shops,
          shop_statue, uniq_blork_the_orc, uniq_sigmund, uniq_robin
D:5:      layout_rooms, grunt_temple_overflow_diamond, tso_oasis_becter,
          ebering_ghost_reflecting_pool, patterned_corridor,
          uniq_crazy_yiuf_cottage
D:6:      minmay_polygon_palace, layout_basic, kennysheep_small_square
D:7:      layout_loops_ring, minmay_manual_mess
D:8:      layout_gridville, nicolae_yredelemnul_corpse_copse,
          due_lair_maze_entry_diamond, minmay_small_thing, uniq_maurice
Lair:1:   dreamdust_isle_of_ice, layout_regular_city,
          portal_ice_cave_entry_ice_simulacra, uniq_harold, uniq_erica

Skill      XL: |  1  2  3  4  5  6  7  8  9 10 11 |
---------------+----------------------------------+-----
Fire Magic     | 3 4 5 6 7 9 12 14 | 14.0
Fighting       | 1 2 3 5 |  5.2
Conjurations   | 2 3 4 5 6 7 8 |  8.1
Spellcasting   | 3 4 5 6 7 8 |  8.3
Shields        | 2 4 |  4.0
Dodging        | 4 |  4.1
Air Magic      | 2 |  2.9
Stealth        | |  1.7

Action                     |  1- 3 |  4- 6 |  7- 9 | 10-12 || total
---------------------------+-------+-------+-------+-------++-------
  Melee: Short sword       |    27 |    39 |     7 |       ||    73
         Unarmed           |     1 |       |       |       ||     1
         Kick              |       |    15 |     5 |     1 ||    21
         Dagger            |       |       |     7 |     5 ||    12
   Cast: Foxfire           |   100 |    87 |   148 |   337 ||   672
         Scorch            |     7 |    12 |    92 |    77 ||   188
         Volatile Blastmot |       |       |    24 |    18 ||    42
         Flame Wave        |       |       |     4 |    14 ||    18
         Summon Lightning  |       |       |       |     1 ||     1
    Use: Potion            |     2 |     2 |     2 |     4 ||    10
         Scroll            |       |     1 |       |    13 ||    14
 Armour: Robe              |    14 |     1 |       |     5 ||    20
         Leather armour    |       |    16 |    62 |    84 ||   162
  Dodge: Dodged            |    35 |    34 |    99 |    98 ||   266
  Block: Other             |     7 |       |       |       ||     7
         Orb               |     5 |    18 |    26 |    34 ||    83
